 Dungeon Crawl Stone Soup version 0.30-a0-23-ge60ba3568b (webtiles) character file.

Game seed: 6532278458275398457

21 xian the Shield-Bearer (level 3, -3/29 HPs)
             Began as a Formicid Fighter on Aug 26, 2022.
             Engulfed by a cloud of flame (32 damage)
             ... on level 1 of the Dungeon.
             The game lasted 00:02:09 (1054 turns).

xian the Shield-Bearer (Formicid Fighter)           Turns: 1054, Time: 00:02:09

Health: -3/29      AC:  7    Str: 28    XL:     3   Next: 2%
Magic:  3/3        EV:  7    Int:  7    God:
Gold:   72         SH: 16    Dex: 19    Spells: 2/2 levels left

rFire   . . .      SeeInvis +    a - +0 long sword
rCold   . . .      Faith    .    k - +2 tower shield
rNeg    . . .      Spirit   .    b - +0 scale mail
rPois   .          Reflect  .    (helmet unavailable)
rElec   .          Harm     .    (no cloak)
rCorr   .          Rampage  .    (no gloves)
Will    .....                    (no boots)
Stlth   ..........               (no amulet)
HPRegen 0.09/turn                e - +6 ring of strength
MPRegen 0.08/turn                j - +6 ring of dexterity

@: no status effects
A: permanent stasis, dig shafts and tunnels, antennae 3, four strong arms
a: Dig, Shaft Self


You were on level 1 of the Dungeon.
You visited 1 branch of the dungeon, and saw 1 of its levels.

You collected 72 gold pieces.

Inventory:

Hand Weapons
 a - a +0 long sword (weapon)
Armour
 b - a +0 scale mail (worn)
 k - a +2 tower shield (worn)
Jewellery
 e - a +6 ring of strength (left hand)
 j - a +6 ring of dexterity (right hand)
Scrolls
 g - 2 scrolls of identify {unknown}
 h - a scroll of immolation {unknown}
 i - a scroll of fear {unknown}
Potions
 c - 2 potions of curing {unknown}
 d - a potion of might
 f - a potion of degeneration {unknown}
 l - a potion of mutation {unknown}


   Skills:
 + Level 3.6 Fighting
 + Level 2.1 Long Blades
 + Level 3.8 Armour
 + Level 4.2 Shields


You had 2 spell levels left.
You didn't know any spells.
Your spell library was empty.

Dungeon Overview and Level Annotations

Branches:
Dungeon (1/15)

Altars:


Innate Abilities, Weirdness & Mutations

You cannot be hasted, slowed, berserked, paralysed or teleported.
You can dig through walls and to a lower floor.
You have a pair of large antennae on your head. (SInv)
Your four strong arms can wield two-handed weapons with a shield.


Message History

You sense a monster nearby.
A dart slug comes into view.
A rat comes into view.
The rat twitches its whiskers.
You block the dart slug's attack.
You completely miss the dart slug. The dart slug launches a dart at you.
The slug dart hits you but does no damage.
You hit the dart slug.
The dart slug is heavily wounded.
You block the rat's attack. The dart slug launches a dart at you.
The slug dart hits you. You block the rat's attack.
You hit the dart slug.
The dart slug is heavily wounded.
You block the rat's attack. The dart slug launches a dart at you.
You block the slug dart.
You slash the dart slug!
You kill the dart slug!
You block the rat's attack. The rat bites you but does no damage.
You have reached level 3!
Your experience leads to an increase in your attributes!
Your base attributes are Str 20, Int 7, Dex 13.
Increase (S)trength, (I)ntelligence, or (D)exterity?
You feel stronger. x2
The rat bites you but does no damage.
You completely miss the rat.
The rat twitches its whiskers.
You block the rat's attack.
You hit the rat.
You kill the rat!
You now have 72 gold pieces (gained 17).
You see here a +0 hand axe.
You see here a +0 dagger.
Partly explored, can't reach some items and places.
Really walk into a travel-excluded area?
You are engulfed in blazing flames.
Ouch! That really hurt!
You die...

#.# #.# #.#.# #.#..# #.#
#.# #.#.# #.#.##
##.###.######.#.# #.#.#
#.............#.# #.#.#
#.##########..#.# #.#.# #)#
#..#.# #.#.# #)# #..#.##
#.#.# ###.###### ###...#
#.#.# .........# #@§○#
#...# ###.####.# #§§☼#
######.# #.# #.# #☼§§#
#..{...# #.# #.#
#####...######.###.# #.#
#.##.☼§§...).§§☼.#.# #.#
#.####.#..§○..$$..§☼○...#
#.#
###.........§§§...$.§.°.###
#.#
...........#####...######
#.# ########.### #§☼☼# ##.#


There were no monsters in sight!

Vanquished Creatures
  A dart slug (D:1)
  3 bats (D:1)
  5 hobgoblins (D:1)
  A ball python (D:1)
  A frilled lizard (D:1)
  2 goblins (D:1)
  2 kobolds (D:1)
  3 rats (D:1)
18 creatures vanquished.

Vanquished Creatures (others)
  An endoplasm (D:1)
  A kobold (D:1)
  A rat (D:1)
3 creatures vanquished.

Grand Total: 21 creatures vanquished

Notes
Turn   | Place    | Note
-------+----------+-------------------------------------------
     0 | D:1      | xian the Formicid Fighter began the quest for the Orb.
     0 | D:1      | Reached XP level 1. HP: 18/18 MP: 1/1
   338 | D:1      | Reached XP level 2. HP: 24/24 MP: 2/2
   656 | D:1      | Found a faded altar of an unknown god.
   931 | D:1      | Reached XP level 3. HP: 27/29 MP: 3/3
  1054 | D:1      | Engulfed by a cloud of flame

Illustrated notes

Levels and vault maps discovered:
D:1:      minmay_arrival_arboretum_small, layout_loops_ring,
          shapermc_ecumenical_altar_totnotflames, lemuel_flame_loot_1

Action                   || total
-------------------------++-------
Melee: Long sword        ||    51
Armor: Scale mail        ||    33
Dodge: Dodged            ||    35
Block: Buckler           ||    15
       Tower shield      ||     7

Table legend: (Time is in decaauts)
 A = Elapsed time spent in this place.
 B = Non-inter-level travel time spent in this place.
 C = Inter-level travel time spent in this place.
 D = Time resting spent in this place.
 E = Time spent auto-exploring this place.
 F = Levels seen in this place.
 G = Mean time per level.
                   A        B        C        D        E       F      G
               +--------+--------+--------+--------+--------+-----+--------+
         Total |   1071 |   1071 |      0 |      0 |    722 |   1 | 1071.0 |
       Dungeon |   1071 |   1071 |      0 |      0 |    722 |   1 | 1071.0 |
               +--------+--------+--------+--------+--------+-----+--------+

Top non-repeatable levels by time:
     D:1: 1071 daAuts
